[Event "Titled Tuesday Blitz June 8 2021"]
[White "Bologan, Victor"]
[Black "Jones, Gawain C B"]
[WhiteFideId "13900048"]
[BlackFideId "409561"]
[WhiteElo "2511"]
[BlackElo "2657"]
[Result "1-0"]
[Round "03"]
[TimeControl "180+1"]
[Date "2021.06.08"]
[WhiteClock "0:01:05"]
[BlackClock "0:00:07"]

1. e4 c5 2. Nf3 d6 3. c3 Nf6 4. Bd3 Nc6 5. Bc2 Bg4 6. d3 d5 7. Nbd2 e5 8. h3 Bh5 9. exd5 Nxd5 10. Ne4 Be7 11. O-O f5 12. Ng3 Bg6 13. Re1 f4 14. Nf1 Qd6 15. Ba4 O-O 16. Bxc6 bxc6 17. Nxe5 f3 18. Nxf3 Bh5 19. N1h2 Rae8 20. Bd2 Kh8 21. Qa4 Bxf3 22. Nxf3 Rxf3 23. gxf3 Rf8 24. Qg4 Bf6 25. Re6 Qd7 26. Rae1 h6 27. Re8 Qf7 28. Rxf8+ Qxf8 29. Qd7 Ne7 30. Bf4 Bh4 31. Qg4 Bf6 32. Bd6 Qd8 33. Qe6 Ng8 34. Re4 Qb6 35. Qf7 Qxb2 36. Re8 Qc1+ 37. Kg2 Kh7 38. Qxg8+ Kg6 39. Qe6 Qxc3 40. Qe4+ Kf7 41. Rf8# 1-0


[Site "https://www.chess.com"]

[Event "Titled Tuesday Blitz June 8 2021"]
[White "Chasin, Nico"]
[Black "Pultinevicius, Paulius"]
[WhiteFideId "30908477"]
[BlackFideId "12809390"]
[WhiteElo "2135"]
[BlackElo "2452"]
[Result "1-0"]
[Round "03"]
[TimeControl "180+1"]
[Date "2021.06.08"]
[WhiteClock "0:00:57"]
[BlackClock "0:00:15"]

1. d4 Nf6 2. c4 c6 3. Nc3 d5 4. Nf3 a6 5. cxd5 cxd5 6. Bf4 Bf5 7. Qb3 Ra7 8. e3 Nc6 9. h3 e6 10. Be2 Bd6 11. Ne5 Qc7 12. Nxc6 Qxc6 13. Bxd6 Qxd6 14. Qa4+ Nd7 15. Nb5 Qc6 16. O-O Bc2 17. Qa3 Ra8 18. Nd6+ Ke7 19. Nf5+ Kf6 20. Qe7+ Kg6 21. Nh4+ Kh6 22. f4 f6 23. g4 g5 24. fxg5+ Kxg5 25. Qg7+ Kxh4 26. Qh6+ Kg3 27. Rf3# 1-0


[Site "https://www.chess.com"]

[Event "Titled Tuesday Blitz June 8 2021"]
[White "Colas, Joshua"]
[Black "Kollars, Dmitrij"]
[WhiteFideId "2044447"]
[BlackFideId "12909572"]
[WhiteElo "2347"]
[BlackElo "2576"]
[Result "0-1"]
[Round "03"]
[TimeControl "180+1"]
[Date "2021.06.08"]
[WhiteClock "0:00:10"]
[BlackClock "0:00:40"]

1. Nf3 d5 2. c4 c6 3. g3 Bg4 4. Bg2 e6 5. O-O Nf6 6. b3 Nbd7 7. Bb2 Bd6 8. d4 h5 9. h4 Ne4 10. Nbd2 Qe7 11. Qc1 f5 12. e3 Bxf3 13. Nxf3 g5 14. cxd5 exd5 15. hxg5 O-O-O 16. Nh4 Qxg5 17. Ba3 Bc7 18. Qe1 Rdg8 19. Kh1 Ndf6 20. Bh3 Ng4 21. Rc1 Ngxf2+ 22. Rxf2 Nxg3+ 23. Kg1 Qxh4 24. Bg2 Ne4 25. Rxf5 Bh2+ 26. Kf1 Ng3+ 0-1


[Site "https://www.chess.com"]

[Event "Titled Tuesday Blitz June 8 2021"]
[White "Gavrilescu, David"]
[Black "Lianes Garcia, Marcos"]
[WhiteFideId "1227190"]
[BlackFideId "32060777"]
[WhiteElo "2370"]
[BlackElo "2236"]
[Result "1-0"]
[Round "03"]
[TimeControl "180+1"]
[Date "2021.06.08"]
[WhiteClock "0:01:32"]
[BlackClock "0:01:28"]

1. e4 g6 2. d4 Bg7 3. Nf3 c5 4. c3 cxd4 5. cxd4 d5 6. e5 Nc6 7. Bb5 Bg4 8. Nbd2 e6 9. Bxc6+ bxc6 10. O-O Ne7 11. b3 O-O 12. Ba3 f6 13. h3 Bxf3 14. Nxf3 Qd7 15. Re1 a5 16. Rc1 Rfc8 17. exf6 Bxf6 18. Qe2 Nf5 19. Qxe6+ Qxe6 20. Rxe6 Nxd4 21. Rxf6 Ne2+ 22. Kf1 Nxc1 23. Bxc1 a4 24. Bh6 axb3 25. axb3 c5 26. Ne5 c4 27. bxc4 dxc4 28. Nc6 Re8 29. g4 c3 30. Rf3 Ra1+ 31. Kg2 c2 32. Ne7+ Kh8 33. Rf7 1-0


[Site "https://www.chess.com"]

[Event "Titled Tuesday Blitz June 8 2021"]
[White "Henderson de La Fuente, Lance"]
[Black "Goltsev, Dmitry"]
[WhiteFideId "32096585"]
[BlackFideId "24176710"]
[WhiteElo "2280"]
[BlackElo "2366"]
[Result "1-0"]
[Round "03"]
[TimeControl "180+1"]
[Date "2021.06.08"]
[WhiteClock "0:00:15"]
[BlackClock "0:00:12"]

1. e4 c5 2. Nc3 e6 3. Nf3 Nc6 4. Bb5 a6 5. Bxc6 bxc6 6. O-O d5 7. d3 Nf6 8. Re1 Be7 9. e5 Nd7 10. Bf4 a5 11. b3 h6 12. Na4 Nb6 13. Nxb6 Qxb6 14. a4 g5 15. Be3 Qb4 16. Bd2 Qg4 17. Bc3 Qf5 18. Nd2 h5 19. Qf3 Qg6 20. Bb2 g4 21. Qe2 h4 22. Nf1 Kd7 23. Ne3 Rg8 24. Rf1 Ba6 25. f4 gxf3 26. Rxf3 Raf8 27. Raf1 Bg5 28. R3f2 Bd8 29. Bc1 Rg7 30. h3 f5 31. exf6 Bxf6 32. Ng4 Bd4 33. Be3 Rxf2 34. Rxf2 Kc7 35. Bxd4 cxd4 36. Qe5+ Kb7 37. Rf6 Qe8 38. Rxe6 Qf7 39. Rf6 Qe7 40. Re6 Qf7 41. Qd6 Qd7 42. Qf8 Qxe6 43. Qxg7+ Kb8 44. Qxd4 Qe1+ 45. Kh2 Qg3+ 46. Kh1 Kb7 47. Qf2 Qxf2 48. Nxf2 Kb6 49. d4 Be2 50. Kh2 c5 51. c3 Kc6 52. g3 c4 53. bxc4 Bxc4 54. gxh4 Kd6 55. h5 Ke6 56. Nd1 Bb3 57. Nb2 Kf5 58. Kg3 Kg5 59. Kf3 Kxh5 60. Kf4 Kh4 61. Ke5 Kxh3 62. Kd6 Kg3 63. Kc5 Kf3 64. Kb5 Ke3 65. Kxa5 Kd2 66. Kb4 Kc2 67. c4 Kxb2 68. c5 Bc4 69. c6 Ba6 70. Ka5 Bc8 71. Kb6 Kc3 72. a5 Kxd4 73. a6 Kc3 74. a7 d4 75. a8=Q Bf5 76. Qh8 Kc4 77. c7 d3 78. Qh6 Kb3 79. Qd2 Kc4 80. Ka7 Kd4 81. Kb8 Ke4 82. c8=Q Bxc8 83. Kxc8 Kd4 84. Kc7 Kc4 85. Kd6 Kd4 86. Ke6 Kc4 87. Ke5 Kc5 88. Qxd3 Kb4 89. Qc2 Ka3 90. Kd5 Kb4 91. Qb2+ Ka5 92. Kc5 Ka6 93. Qb6# 1-0


[Site "https://www.chess.com"]

[Event "Titled Tuesday Blitz June 8 2021"]
[White "Ivic, Velimir"]
[Black "Vakhlamov, Igor L."]
[WhiteFideId "950122"]
[BlackFideId "24126748"]
[WhiteElo "2509"]
[BlackElo "2405"]
[Result "1-0"]
[Round "03"]
[TimeControl "180+1"]
[Date "2021.06.08"]
[WhiteClock "0:00:08"]
[BlackClock "0:00:04"]

1. e4 c5 2. Nf3 Nc6 3. b4 Nxb4 4. c3 Nc6 5. d4 d5 6. exd5 Qxd5 7. Na3 Bg4 8. Bc4 Qh5 9. Be2 Nf6 10. O-O e6 11. h3 Bd6 12. Nc4 Bc7 13. hxg4 Nxg4 14. g3 cxd4 15. cxd4 O-O-O 16. Ne3 Nxd4 17. Nxg4 Nxf3+ 18. Bxf3 Rxd1 19. Rxd1 Qf5 20. Kg2 h5 21. Ne3 Qg6 22. Bb2 h4 23. g4 h3+ 24. Kh1 e5 25. Rac1 Kb8 26. Nf5 e4 27. Rxc7 exf3 28. Be5 Ka8 29. Rcd7 a5 30. R1d5 Qb6 31. Kh2 a4 32. Bd4 Qc6 33. Ra5+ Kb8 34. Be5+ Kc8 35. Ne7+ Kxd7 36. Nxc6 Kxc6 37. Rxa4 f6 38. Bd4 Kd5 39. Be3 b5 40. Rd4+ Ke5 41. Rb4 Ra8 42. Rxb5+ Ke4 43. Rb4+ Kd3 44. a4 Ke2 45. Kxh3 g5 46. Kg3 Rc8 47. Rb2+ Kf1 48. Kxf3 Rc4 49. Rb1+ Rc1 50. Rxc1# 1-0


[Site "https://www.chess.com"]

[Event "Titled Tuesday Blitz June 8 2021"]
[White "Kobo, Ori"]
[Black "Vidit, Santosh Gujrathi"]
[WhiteFideId "2812320"]
[BlackFideId "5029465"]
[WhiteElo "2431"]
[BlackElo "2735"]
[Result "0-1"]
[Round "03"]
[TimeControl "180+1"]
[Date "2021.06.08"]
[WhiteClock "0:00:03"]
[BlackClock "0:00:35"]

1. e4 e5 2. Nf3 Nc6 3. d4 exd4 4. Nxd4 Nf6 5. Nxc6 bxc6 6. e5 Qe7 7. Qe2 Nd5 8. g3 a5 9. Bg2 Ba6 10. c4 g6 11. b3 Bg7 12. Bb2 O-O 13. O-O Rfe8 14. Qd2 Nb6 15. Re1 Bxc4 16. bxc4 Nxc4 17. Qc1 Nxb2 18. Qxb2 Bxe5 19. Qc2 Qf6 20. Rxe5 Rxe5 21. Nc3 Rae8 22. Qd2 Re2 23. Nxe2 Qxa1+ 24. Bf1 d6 25. Kg2 Qe5 26. Nf4 Rb8 27. Qc2 c5 28. Bc4 Rb2 29. Qd3 Qd4 30. Qxd4 cxd4 31. a4 c6 32. Kf3 Rb4 33. Bd3 Rxa4 34. Ke4 Rb4 35. Ne2 a4 36. Nc1 0-1


[Site "https://www.chess.com"]

[Event "Titled Tuesday Blitz June 8 2021"]
[White "Kovalev, Vladislav"]
[Black "Maximov, Dmitry"]
[WhiteFideId "13504398"]
[BlackFideId "14105659"]
[WhiteElo "2573"]
[BlackElo "2494"]
[Result "1-0"]
[Round "03"]
[TimeControl "180+1"]
[Date "2021.06.08"]
[WhiteClock "0:00:47"]
[BlackClock "0:00:09"]

1. e4 c5 2. Be2 g6 3. d3 Bg7 4. f4 d5 5. c3 Nc6 6. Nf3 dxe4 7. dxe4 Qxd1+ 8. Bxd1 Nf6 9. Bc2 O-O 10. Be3 b6 11. Nbd2 Ba6 12. O-O-O Rfd8 13. h3 h5 14. Ng5 Be2 15. Rde1 Bd3 16. Bxd3 Rxd3 17. Kc2 Rad8 18. e5 Nh7 19. Nge4 Nf8 20. Nc4 R3d7 21. Ng5 b5 22. Na3 a6 23. Rd1 c4 24. Rxd7 Rxd7 25. Nb1 f6 26. exf6 exf6 27. Ne4 Re7 28. Nbd2 f5 29. Bc5 Rxe4 30. Nxe4 fxe4 31. Re1 Nd7 32. Bf2 Nf6 33. Bh4 Kf7 34. Bxf6 Bxf6 35. g4 hxg4 36. hxg4 Be7 37. Rxe4 Bd6 38. a4 Ne7 39. Kb1 Nd5 40. f5 gxf5 41. gxf5 Nf6 42. Re6 Ne8 43. a5 Bc5 44. Rxa6 Nd6 45. Rc6 Ne4 46. a6 Ke7 47. Rxc5 Nxc5 48. a7 1-0


[Site "https://www.chess.com"]

[Event "Titled Tuesday Blitz June 8 2021"]
[White "Kretov, Evgenij"]
[Black "Kamsky, Gata"]
[WhiteFideId "4167821"]
[BlackFideId "2000024"]
[WhiteElo "2400"]
[BlackElo "2644"]
[Result "0-1"]
[Round "03"]
[TimeControl "180+1"]
[Date "2021.06.08"]
[WhiteClock "0:00:13"]
[BlackClock "0:00:18"]

1. d4 Nf6 2. c4 e6 3. Nc3 Bb4 4. Bg5 h6 5. Bh4 b6 6. e3 Bb7 7. f3 c5 8. Ne2 cxd4 9. exd4 Be7 10. Qc2 Nc6 11. Bf2 d5 12. c5 O-O 13. a3 bxc5 14. dxc5 a5 15. Rd1 e5 16. Ng3 d4 17. Na4 Nd5 18. Nf5 Bc8 19. Bb5 Bd7 20. Bc4 Be6 21. Nxe7+ Qxe7 22. O-O Rab8 23. Bxd5 Bxd5 24. Nb6 Qe6 25. Rd2 Bb3 26. Qc1 a4 27. Re1 Rbd8 28. Bg3 f6 29. Qb1 Kh8 30. Qe4 Rfe8 31. Qh4 Qf5 32. h3 Ne7 33. Qe4 Qxe4 34. fxe4 Nc6 35. Rc1 g6 36. Kf2 f5 37. exf5 gxf5 38. Bh4 Rb8 39. Bf6+ Kh7 40. Re1 Rb7 41. g4 f4 42. Kf3 Kg6 43. Bh4 Kf7 44. g5 hxg5 45. Bxg5 Kg6 46. h4 Kf5 47. h5 e4+ 48. Kg2 Kxg5 0-1


[Site "https://www.chess.com"]

[Event "Titled Tuesday Blitz June 8 2021"]
[White "Nenezic, Marko"]
[Black "Visakh N R"]
[WhiteFideId "912123"]
[BlackFideId "25012223"]
[WhiteElo "2438"]
[BlackElo "2428"]
[Result "1-0"]
[Round "03"]
[TimeControl "180+1"]
[Date "2021.06.08"]
[WhiteClock "0:00:08"]
[BlackClock "0:00:07"]

1. Nf3 Nf6 2. c4 g6 3. b4 Bg7 4. Bb2 O-O 5. g3 a5 6. b5 b6 7. Bg2 Bb7 8. O-O d6 9. d3 e5 10. Nc3 Nbd7 11. e4 Nc5 12. Rc1 h5 13. Re1 Bc8 14. Ng5 Bg4 15. f3 Bd7 16. h4 Bh6 17. Rc2 Nh7 18. Nxh7 Kxh7 19. Nd5 f5 20. d4 exd4 21. Qxd4 Rf7 22. Nf6+ Qxf6 23. Qxf6 Rxf6 24. Bxf6 Re8 25. Bg5 Bg7 26. Rce2 fxe4 27. fxe4 Be6 28. Rc2 Nd3 29. Rf1 Nb4 30. Rd2 Bc3 31. Rdd1 Nxa2 32. Bf6 Bb4 33. e5 Bc5+ 34. Kh2 Nb4 35. exd6 cxd6 36. Bh3 Bxc4 37. Rfe1 Rf8 38. Re7+ Rf7 39. Rxf7+ Bxf7 40. Re1 d5 41. Be7 Bxe7 42. Rxe7 Kg8 43. Rb7 d4 44. Rxb6 d3 45. Rd6 Nd5 46. Bg2 d2 47. Bxd5 1-0


[Site "https://www.chess.com"]

[Event "Titled Tuesday Blitz June 8 2021"]
[White "Oparin, Grigoriy"]
[Black "Rychkov, Oleg"]
[WhiteFideId "24125890"]
[BlackFideId "4122852"]
[WhiteElo "2628"]
[BlackElo "2493"]
[Result "0-1"]
[Round "03"]
[TimeControl "180+1"]
[Date "2021.06.08"]
[WhiteClock "0:00:09"]
[BlackClock "0:00:47"]

1. d4 Nf6 2. c4 e6 3. Nf3 d5 4. g3 dxc4 5. Bg2 a6 6. O-O Nc6 7. Be3 Rb8 8. Nbd2 b5 9. b3 c3 10. Qc2 b4 11. Nc4 Nd5 12. Bg5 Be7 13. Bxe7 Qxe7 14. e4 Nb6 15. d5 Nxc4 16. bxc4 Nd8 17. e5 O-O 18. Rad1 Nb7 19. Nd4 Bd7 20. Rfe1 Nc5 21. d6 cxd6 22. exd6 Qf6 23. Bc6 e5 24. Nb3 Nxb3 25. Bxd7 Nd4 26. Rxd4 exd4 27. c5 g6 28. Qd3 b3 29. axb3 Rxb3 30. Ba4 Rb2 31. Bc2 Qf5 32. Qxf5 gxf5 33. Bxf5 Rb5 34. d7 Rxc5 35. Re8 Rd5 36. Kf1 d3 37. Ke1 d2+ 38. Kd1 a5 39. h4 a4 40. h5 h6 41. g4 a3 0-1


[Site "https://www.chess.com"]

[Event "Titled Tuesday Blitz June 8 2021"]
[White "Papasimakopoulos, Alexandros"]
[Black "Korobov, Anton"]
[WhiteFideId "4244125"]
[BlackFideId "14105730"]
[WhiteElo "2352"]
[BlackElo "2668"]
[Result "0-1"]
[Round "03"]
[TimeControl "180+1"]
[Date "2021.06.08"]
[WhiteClock "0:02:02"]
[BlackClock "0:02:03"]

1. d4 Nf6 2. c4 g6 3. Nc3 Bg7 4. e4 d6 5. f3 O-O 6. Nge2 Nc6 7. Be3 a6 8. Qd2 Re8 9. Rc1 Bd7 10. g3 b5 11. b3 bxc4 12. bxc4 e5 13. Bg2 exd4 14. Nxd4 Ne5 15. Nd5 c5 16. Ne2 Nxd5 17. exd5 Rb8 18. O-O Rb2 19. Qd1 Nxc4 20. Bf4 Rexe2 0-1


[Site "https://www.chess.com"]

[Event "Titled Tuesday Blitz June 8 2021"]
[White "Perez Gormaz, Matias"]
[Black "Lazavik, Denis"]
[WhiteFideId "3406342"]
[BlackFideId "13515110"]
[WhiteElo "2414"]
[BlackElo "2436"]
[Result "0-1"]
[Round "03"]
[TimeControl "180+1"]
[Date "2021.06.08"]
[WhiteClock "0:00:03"]
[BlackClock "0:01:01"]

1. e4 e5 2. Nf3 Nc6 3. Bc4 Bc5 4. c3 Nf6 5. d3 d6 6. O-O h6 7. Re1 O-O 8. Nbd2 a6 9. a4 Ba7 10. h3 Ne7 11. Bb3 Ng6 12. Nf1 Re8 13. Ng3 Be6 14. Bc2 d5 15. exd5 Bxd5 16. Be3 Bxe3 17. Rxe3 Qd7 18. Qd2 Re7 19. Rae1 Rae8 20. a5 Bc6 21. b4 Nd5 22. Re4 Ndf4 23. Qe3 Bxe4 24. Qxe4 Qd5 25. c4 Qxe4 26. Nxe4 Ne6 27. g3 Rd8 28. Nc3 c6 29. Bb1 Nd4 30. Kg2 Nxf3 31. Kxf3 Nf8 32. Na4 Ne6 33. Kg2 Nd4 34. Nc5 f6 35. f4 Rde8 36. fxe5 Rxe5 37. Rxe5 Rxe5 38. Nxb7 Re2+ 39. Kf1 Rb2 0-1


[Site "https://www.chess.com"]

[Event "Titled Tuesday Blitz June 8 2021"]
[White "Perez Ponsa, Federico"]
[Black "Leiva, Gianmarco"]
[WhiteFideId "117927"]
[BlackFideId "3804399"]
[WhiteElo "2672"]
[BlackElo "2365"]
[Result "1-0"]
[Round "03"]
[TimeControl "180+1"]
[Date "2021.06.08"]
[WhiteClock "0:00:04"]
[BlackClock "0:00:03"]

1. e4 c6 2. d4 d5 3. exd5 cxd5 4. Bd3 Nc6 5. c3 Qc7 6. h3 g6 7. Nf3 Bf5 8. Be2 Nf6 9. O-O h6 10. Na3 g5 11. Nc2 e6 12. Ne3 Bg6 13. c4 Rd8 14. cxd5 Nxd5 15. Nxd5 Rxd5 16. Bc4 Rd8 17. Re1 Bb4 18. Bd2 O-O 19. Bxb4 Nxb4 20. Rc1 Qb6 21. Qd2 Nc6 22. Red1 Rd6 23. d5 exd5 24. Bb3 d4 25. h4 Bh5 26. hxg5 Bxf3 27. gxf3 Kg7 28. f4 Rg6 29. Bc2 Re6 30. f5 Re5 31. gxh6+ Kh8 32. Qf4 Qd8 33. Kh2 Qf6 34. Rg1 Re2 35. Bd3 Rxb2 36. Rg2 Ne5 37. Be4 d3 38. Kg1 d2 39. Rd1 Rd8 40. Qg3 Rb4 41. f3 Rc4 42. Qg7+ Qxg7 43. hxg7+ Kg8 44. f6 Rc1 45. Bc2 Nxf3+ 46. Kf2 Rxd1 47. Bxd1 Nh4 48. Rh2 Ng6 49. Ke2 Rd6 50. Rf2 Ne5 51. Rh2 Ng6 52. Rf2 Ne5 53. Bc2 Ng4 54. Rg2 Nxf6 55. Kd1 Ne8 56. Bh7+ Kxh7 57. g8=Q+ Kh6 58. Qh8# 1-0


[Site "https://www.chess.com"]

[Event "Titled Tuesday Blitz June 8 2021"]
[White "Popilski, Gil"]
[Black "Grandelius, Nils"]
[WhiteFideId "2809060"]
[BlackFideId "1710400"]
[WhiteElo "2537"]
[BlackElo "2651"]
[Result "1/2-1/2"]
[Round "03"]
[TimeControl "180+1"]
[Date "2021.06.08"]
[WhiteClock "0:00:09"]
[BlackClock "0:00:17"]

1. e4 e5 2. Nf3 Nc6 3. Bb5 a6 4. Ba4 Nf6 5. O-O Bc5 6. c3 b5 7. Bc2 d5 8. d4 dxe4 9. dxc5 Qxd1 10. Bxd1 exf3 11. Bxf3 e4 12. Re1 O-O 13. Bxe4 Re8 14. Nd2 Bf5 15. f3 Rad8 16. Kf2 Bxe4 17. Nxe4 Nxe4+ 18. fxe4 Ne5 19. Kf1 Nd3 20. Re2 Nxc5 21. Bf4 c6 22. e5 Nd3 23. Bg3 c5 24. a4 b4 25. cxb4 cxb4 26. Rd1 Nc5 27. Rxd8 Rxd8 28. a5 b3 29. Re3 Rd2 30. e6 fxe6 31. Be5 Rc2 32. Bc3 Kf7 33. Rf3+ Ke7 34. Bxg7 Ne4 35. Ke1 Rxg2 36. Bh8 Rxh2 37. Rxb3 h5 38. Be5 Rc2 39. Rb7+ Ke8 40. Rb6 Ng5 41. Kf1 Kf7 42. Bc3 Ne4 43. Rxa6 Nxc3 44. bxc3 Rxc3 45. Ra8 Ra3 46. a6 Kg7 47. Ke2 h4 48. Kf2 h3 49. Kg1 Ra2 50. Kh1 e5 51. Kg1 e4 52. a7 e3 53. Re8 Rxa7 54. Rxe3 Ra6 55. Rg3+ Rg6 56. Rxg6+ Kxg6 57. Kh2 Kf6 58. Kxh3 1/2-1/2


[Site "https://www.chess.com"]

[Event "Titled Tuesday Blitz June 8 2021"]
[White "Rosen, Eric"]
[Black "Quparadze, Giga"]
[WhiteFideId "2032562"]
[BlackFideId "13602250"]
[WhiteElo "2362"]
[BlackElo "2658"]
[Result "0-1"]
[Round "03"]
[TimeControl "180+1"]
[Date "2021.06.08"]
[WhiteClock "0:00:01"]
[BlackClock "0:00:18"]

1. d4 Nf6 2. Bf4 e6 3. e3 c5 4. Nf3 b6 5. Nc3 Nh5 6. Bg5 Be7 7. Bxe7 Qxe7 8. d5 d6 9. Bb5+ Bd7 10. dxe6 fxe6 11. Ne5 Nf6 12. Qf3 d5 13. Bxd7+ Nbxd7 14. Nxd7 Qxd7 15. e4 O-O 16. O-O Nxe4 17. Qh3 Nxc3 18. Qxc3 d4 19. Qd3 e5 20. Rae1 Rae8 21. Re4 Qf7 22. b3 Qd5 23. f3 Rc8 24. c4 Qd6 25. Rfe1 Rce8 26. Qe2 Qd7 27. Rxe5 d3 28. Qe4 d2 29. Rd1 Rxe5 30. Qxe5 Rd8 31. Qe3 h6 32. Kf2 Kh8 33. Qe4 Qd6 34. g3 Qf6 35. Qe3 Qb2 36. Qe7 Rg8 37. Qe3 Rd8 38. Qe7 Qd4+ 39. Qe3 Qd7 40. Kg2 a6 41. a4 Qd6 42. Qe4 Qf6 43. Qe3 Qb2 44. Qe7 Qd4 45. Qe4 Qc3 46. Qe7 Qd3 47. Qe4 Qxb3 48. Qe2 Qc3 49. Kf2 Qd4+ 50. Qe3 Qb2 51. Qe7 Qd4+ 52. Qe3 Qd7 53. g4 Qxa4 0-1


[Site "https://www.chess.com"]

[Event "Titled Tuesday Blitz June 8 2021"]
[White "Sadovsky, Artem"]
[Black "Indjic, Aleksandar"]
[WhiteFideId "4155840"]
[BlackFideId "911925"]
[WhiteElo "2442"]
[BlackElo "2643"]
[Result "1-0"]
[Round "03"]
[TimeControl "180+1"]
[Date "2021.06.08"]
[WhiteClock "0:00:57"]
[BlackClock "0:01:21"]

1. Nf3 c5 2. e3 g6 3. Be2 Bg7 4. O-O Nf6 5. b3 O-O 6. Bb2 d5 7. c4 Nc6 8. cxd5 Nxd5 9. Bxg7 Kxg7 10. Qc1 b6 11. d4 Qd6 12. dxc5 Qxc5 13. Qxc5 bxc5 14. Rc1 Be6 15. Rxc5 Rac8 16. Nbd2 Ncb4 17. Rxc8 Rxc8 18. Bc4 Nc3 19. Bxe6 fxe6 20. Nc4 Nc2 21. Rf1 Nxa2 22. Rd1 Rc7 23. Ng5 Kf6 24. Nxh7+ Kg7 25. Ng5 Kf6 26. Ne4+ Kg7 27. Rd2 Nab4 28. Ng5 Kf6 29. h4 Na1 30. Rd8 Rc6 31. Rf8+ Kg7 32. Rf7+ Kg8 33. Ne5 Rc5 34. Ng4 1-0


[Site "https://www.chess.com"]

[Event "Titled Tuesday Blitz June 8 2021"]
[White "Sarana, Alexey"]
[Black "Starozhilov, Leonid"]
[WhiteFideId "24133795"]
[BlackFideId "14106752"]
[WhiteElo "2629"]
[BlackElo "2414"]
[Result "1-0"]
[Round "03"]
[TimeControl "180+1"]
[Date "2021.06.08"]
[WhiteClock "0:01:09"]
[BlackClock "0:00:18"]

1. e4 c5 2. Nf3 e6 3. d4 cxd4 4. Nxd4 a6 5. Bd3 Qc7 6. O-O Nf6 7. a4 Bc5 8. Nb3 Ba7 9. Qe2 Nc6 10. Be3 Bxe3 11. Qxe3 d6 12. Nc3 O-O 13. a5 Ne5 14. f4 Nxd3 15. cxd3 Bd7 16. Rfc1 Qb8 17. h3 Rc8 18. Nd2 d5 19. e5 Ne8 20. Nb3 Bc6 21. Ne2 Nc7 22. Ned4 Nb5 23. f5 exf5 24. Nxf5 Re8 25. Re1 Bd7 26. Nxg7 Kxg7 27. Qg5+ Kh8 28. Qf6+ Kg8 29. Re3 Re6 30. Rg3+ Kf8 31. Qg7+ Ke7 32. Qg5+ Kf8 33. Nc5 Qxe5 1-0


[Site "https://www.chess.com"]

[Event "Titled Tuesday Blitz June 8 2021"]
[White "Shkapenko, Pavel"]
[Black "Yilmaz, Mustafa"]
[WhiteFideId "4151933"]
[BlackFideId "6302718"]
[WhiteElo "2386"]
[BlackElo "2518"]
[Result "0-1"]
[Round "03"]
[TimeControl "180+1"]
[Date "2021.06.08"]
[WhiteClock "0:01:04"]
[BlackClock "0:00:10"]

1. e4 c5 2. c3 Nf6 3. e5 Nd5 4. d4 cxd4 5. cxd4 d6 6. Nf3 Nc6 7. Bc4 Nb6 8. Bb3 dxe5 9. d5 Na5 10. Nc3 Nxb3 11. Qxb3 e6 12. Nxe5 Be7 13. Qb5+ Kf8 14. dxe6 Bxe6 15. Qe2 Qc8 16. O-O f6 17. Nd3 Bg4 18. f3 Bf5 19. Re1 Qd7 20. Nf4 Re8 21. Kh1 Bd6 22. Qxe8+ Qxe8 23. Rxe8+ Kxe8 24. Be3 Kf7 25. Rd1 Nc4 26. Bc1 Bxf4 27. Bxf4 Nxb2 28. Rd5 Re8 29. h4 Bc8 30. Nb5 Nc4 31. Nxa7 Be6 32. Rc5 Nb6 33. Rc7+ Re7 34. Rxe7+ Kxe7 35. a3 Bd7 36. Be3 Na4 37. Kg1 Kd6 38. Kf2 Kc7 39. Bf4+ Kb6 40. Bb8 Ka6 41. Ke3 b6 42. Kf4 Kb7 43. Bd6 Kxa7 44. Bf8 g6 45. Be7 Nc3 46. Bxf6 Nd5+ 47. Ke5 Nxf6 48. Kxf6 Bf5 49. g4 Bd3 50. Kg7 h5 51. Kh6 hxg4 52. fxg4 Ka6 53. h5 gxh5 54. gxh5 Ka5 0-1


[Site "https://www.chess.com"]

[Event "Titled Tuesday Blitz June 8 2021"]
[White "Svane, Rasmus"]
[Black "Makhnev, Denis"]
[WhiteFideId "4657101"]
[BlackFideId "13707647"]
[WhiteElo "2669"]
[BlackElo "2549"]
[Result "1-0"]
[Round "03"]
[TimeControl "180+1"]
[Date "2021.06.08"]
[WhiteClock "0:00:10"]
[BlackClock "0:00:02"]

1. Nf3 Nf6 2. g3 d5 3. Bg2 Bf5 4. O-O e6 5. c4 c6 6. Qb3 Qb6 7. d3 Nbd7 8. cxd5 Qxb3 9. axb3 exd5 10. Bd2 Bd6 11. Bc3 O-O 12. b4 a6 13. Nbd2 Rfe8 14. Nd4 Bg6 15. N2b3 Be5 16. Rfe1 Rac8 17. f4 Bxd4+ 18. Bxd4 Bf5 19. h3 h5 20. Kf2 Re7 21. Na5 Rc7 22. Rac1 Nf8 23. Be5 Rcd7 24. Bxf6 gxf6 25. Nb3 Bg6 26. Rcd1 f5 27. Nc5 Rd8 28. Bf3 Ne6 29. Nb3 Kg7 30. e3 Kf6 31. Rd2 Rh8 32. Rc1 Rhe8 33. Re1 Rh8 34. Rde2 Rhe8 35. Rd1 Nc7 36. Nd4 Ne6 37. Nc2 Nc7 38. Rde1 Nb5 39. Na3 d4 40. e4 fxe4 41. Nxb5 e3+ 42. Kg2 axb5 43. Rd1 Ra8 44. g4 hxg4 45. hxg4 Ra4 46. Kg3 Rxb4 47. f5 Bh7 48. Kf4 Kg7 49. g5 f6 50. Rh1 fxg5+ 51. Kxg5 Rf7 52. Be4 Bg8 53. Rg2 Kf8 54. f6 Ra4 55. Rh8 b4 56. Kg6 Ra5 57. Bf5 Re5 58. Re2 1-0


[Site "https://www.chess.com"]

[Event "Titled Tuesday Blitz June 8 2021"]
[White "Svidler, Peter"]
[Black "Jarovinsky, Alexey"]
[WhiteFideId "4102142"]
[BlackFideId "14115131"]
[WhiteElo "2754"]
[BlackElo "2446"]
[Result "1-0"]
[Round "03"]
[TimeControl "180+1"]
[Date "2021.06.08"]
[WhiteClock "0:00:57"]
[BlackClock "0:00:07"]

1. e4 Nc6 2. Nf3 d6 3. d4 Nf6 4. Nc3 Bg4 5. d5 Nb8 6. h3 Bxf3 7. Qxf3 g6 8. Qd1 Bg7 9. Be2 O-O 10. O-O c6 11. a4 a5 12. Re1 Nbd7 13. Bf1 Re8 14. Ra3 Nc5 15. g3 e6 16. dxe6 Rxe6 17. Bg2 Qb6 18. Be3 Rae8 19. Rb3 Qa7 20. Bxc5 Qxc5 21. Rxb7 d5 22. Qd3 Nxe4 23. Nxe4 dxe4 24. Rxe4 Rxe4 25. Bxe4 Bd4 26. Qf3 Re7 27. Rxe7 Qxe7 28. c3 Bb6 29. Bxc6 Kg7 30. Kg2 h5 31. h4 Qe1 32. Bd5 f5 33. Qf4 Qe2 34. b4 Qd3 35. Qe5+ Kh7 36. Qe7+ Kh6 37. Qf8+ 1-0


[Site "https://www.chess.com"]

[Event "Titled Tuesday Blitz June 8 2021"]
[White "Tabatabaei, M. Amin"]
[Black "Borsuk, Konstantin"]
[WhiteFideId "12521213"]
[BlackFideId "14113406"]
[WhiteElo "2555"]
[BlackElo "2363"]
[Result "1/2-1/2"]
[Round "03"]
[TimeControl "180+1"]
[Date "2021.06.08"]
[WhiteClock "0:00:40"]
[BlackClock "0:00:02"]

1. d4 Nf6 2. Nf3 b6 3. Bf4 Bb7 4. e3 e6 5. h3 d6 6. a4 a5 7. Na3 Be7 8. Bd3 Nbd7 9. O-O h6 10. Qe2 g5 11. Bg3 Ne4 12. Bh2 h5 13. Bxe4 Bxe4 14. Nd2 Bc6 15. e4 Bxa4 16. Qc4 b5 17. Nxb5 Bxb5 18. Qxb5 g4 19. hxg4 hxg4 20. Rxa5 Rb8 21. Qc6 Bg5 22. Nc4 Rxh2 23. Kxh2 Bf4+ 24. Kg1 Qh4 25. Rfa1 Qh2+ 26. Kf1 Qh1+ 27. Ke2 Qxg2 28. R5a3 d5 29. exd5 Qe4+ 30. Ne3 Qf3+ 31. Kd3 Qxf2 32. Kc4 Bxe3 33. dxe6 Qxc2+ 34. Rc3 Qe2+ 35. Rd3 Qc2+ 36. Rc3 Qe2+ 37. Rd3 Qc2+ 38. Rc3 1/2-1/2


[Site "https://www.chess.com"]